 Dungeon Crawl Stone Soup version 0.23-a0-183-gf37f6fb (webtiles) character file.

481 tsouns the Slinger (level 7, 0/44 HPs)
             Began as a Halfling Hunter on Sept 21, 2018.
             Slain by Blork the orc
             ... wielding a +0 battleaxe
              (4 damage)
             ... on level 2 of the Dungeon.
             The game lasted 00:06:47 (2446 turns).

tsouns the Slinger (Halfling Hunter)                Turns: 2446, Time: 00:06:48

Health: 0/44       AC:  6    Str: 19    XL:     7   Next: 34%
Magic:  7/7        EV: 13    Int: 10    God:
Gold:   116        SH:  0    Dex: 15    Spells: 6/6 levels left

rFire    . . .     SeeInvis .   a - +1 hunting sling
rCold    . . .     Gourm    .   (shield restricted)
rNeg     . . .     Faith    .   i - +0 scale mail
rPois    .         Spirit   .   (no helmet)
rElec    .         Reflect  .   (no cloak)
rCorr    .         Harm     .   (no gloves)
MR       +....                  (no boots)
Stlth    +.........             (no amulet)
HPRegen  0.14/turn              s - ring of stealth
MPRegen  0.10/turn              x - ring of protection from magic

@: mighty
A: small, mutation resistance 1
a: no special abilities


You were on level 2 of the Dungeon.
You were not hungry.

You visited 1 branch of the dungeon, and saw 4 of its levels.

You collected 116 gold pieces.

Inventory:

Hand Weapons
 a - a +1 hunting sling (weapon)
 b - a +0 short sword
 r - a +0 dagger
Missiles
 d - 27 sling bullets (quivered)
 l - 54 stones
Armour
 c - a +0 leather armour
 g - a +0 ring mail
 i - a +0 scale mail (worn)
 y - a +0 shield
Jewellery
 s - a ring of stealth (left hand)
 x - a ring of protection from magic (right hand)
Scrolls
 e - 7 scrolls of identify {unknown}
 h - a scroll of fog {unknown}
 j - 2 scrolls of remove curse {unknown}
 n - 4 scrolls of amnesia {unknown}
 v - a scroll of blinking {unknown}
 w - a scroll of magic mapping {unknown}
Potions
 p - a potion of lignification {unknown}
 q - a potion of ambrosia {unknown}
 t - a potion of agility {unknown}
 u - a potion of flight {unknown}
Comestibles
 f - 4 rations


   Skills:
 - Level 1.7 Fighting
 + Level 11.6 Slings
 - Level 2.1 Dodging
 - Level 1.1 Stealth


You had 6 spell levels left.
You didn't know any spells.
Your spell library was empty.

Dungeon Overview and Level Annotations

Branches:
Dungeon (4/15)
 Temple: D:4-7

Altars:
Cheibriados
Kikubaaqudgha

Annotations:
D:2 Blork the orc


Innate Abilities, Weirdness & Mutations

You are small and have problems with some larger weapons.
You are somewhat resistant to further mutation.


Message History

Deactivating autopickup; reactivate with Ctrl-A.
There is a stone staircase leading up here.
Something completely misses you.
You climb upwards.
There is a stone staircase leading down here.
It was a potion of heal wounds.
You feel much better. Something barely misses you.
You hear some strange, mumbled words.
A puff of frost appears from out of thin air!
The puff of frost misses you.
You hear some strange, mumbled words.
A puff of frost appears from out of thin air!
The puff of frost hits you!
There is a stone staircase leading up here.
Something hits you! x2
* * * LOW HITPOINT WARNING * * *
You climb upwards.
There is a stone staircase leading down here.
You barely miss something. Something hits you.
You die...

###.###### #.).#
#.#.# #.#'# ###.#
########## ##..####
#........#
####.......
#.######.#
#.....♣...< #(# #@#
##.##....... #.#
####.#####..###..####
#.#
#..........#†.##.# #.
#.#
#.##.#####.##..#####.
#.###.##.#
#...........
#........#
#####.####..
#####.#### #.# #..
#.# ##'## #.. #.#
##...###.#


There were no monsters in sight!

Vanquished Creatures
  Sigmund (D:2)
  A hound (D:2)
  2 orc priests (D:3)
  2 orc wizards
  Natasha (D:2)
  3 gnolls (D:3)
  5 adders
  An ooze (D:2)
  3 worms (D:2)
  3 dart slugs
  6 leopard geckos
  6 orcs
  A giant cockroach (D:2)
  7 goblins
  7 hobgoblins
  2 jackals (D:3)
  A kobold (D:2)
  2 quokkas (D:2)
  8 bats
  4 frilled lizards (D:2)
  6 rats
72 creatures vanquished.

Notes
Turn   | Place    | Note
-------+----------+-------------------------------------------
     0 | D:1      | tsouns the Halfling Hunter began the quest for the Orb.
     0 | D:1      | Reached XP level 1. HP: 14/14 MP: 1/1
    53 | D:1      | Reached skill level 6 in Slings
   150 | D:1      | Reached XP level 2. HP: 18/19 MP: 2/2
   648 | D:1      | You fall through a shaft!
   648 | D:2      | Found a snail-covered altar of Cheibriados.
   671 | D:2      | Reached skill level 7 in Slings
   671 | D:2      | Reached XP level 3. HP: 23/24 MP: 3/3
   671 | D:2      | Reached XP level 4. HP: 28/29 MP: 4/4
   737 | D:2      | Reached skill level 8 in Slings
  1136 | D:2      | Noticed Sigmund
  1150 | D:2      | Killed Sigmund
  1150 | D:2      | Reached skill level 10 in Slings
  1150 | D:2      | Reached XP level 5. HP: 34/34 MP: 5/5
  1150 | D:2      | Reached XP level 6. HP: 39/39 MP: 6/6
  1195 | D:2      | Found an ancient bone altar of Kikubaaqudgha.
  1656 | D:2      | Noticed Natasha
  1659 | D:2      | Killed Natasha
  1932 | D:3      | Reached skill level 11 in Slings
  1932 | D:3      | Reached XP level 7. HP: 44/44 MP: 7/7
  2410 | D:4      | Noticed Blork the orc
  2446 | D:2      | Slain by Blork the orc

Vault maps used:
D:1:      dpeg_arrival_shelter
D:2:      kiku_gazebo_garden_becter, nicolae_overflow_hidden_temple,
          grunt_ministairs_14, uniq_sigmund, uniq_natasha
D:3:      first_ration
D:4:      nemelex_lonely_heart_becter, uniq_blork_the_orc

Skill      XL: |  1  2  3  4  5  6 |
---------------+-------------------+-----
Slings         | 6 7 10 11 | 11.6
Fighting       | |  1.7
Dodging        | |  2.1
Stealth        | |  1.1

Action                   |  1- 3 |  4- 6 |  7- 9 || total
-------------------------+-------+-------+-------++-------
Melee: Hunting sling     |       |       |     1 ||     1
 Fire: Hunting sling     |    49 |   178 |    46 ||   273
  Use: Potion            |       |       |     2 ||     2
  Eat: Chunk             |       |     3 |     1 ||     4
Armor: Ring mail         |     1 |       |       ||     1
       Scale mail        |     3 |    13 |     2 ||    18
Dodge: Dodged            |    13 |    37 |    10 ||    60

Table legend:
 A = Non-vault XP
 B = Vault XP
 C = Vault XP percentage of total XP
 D = Non-vault monster count
 E = Vault monster count
 F = Vault count percentage of total count
                 A         B        C        D         E       F
            +---------+---------+-------+---------+---------+-------
      Total |     430 |     258 |  37.5 |      68 |       4 |   5.6
            +---------+---------+-------+---------+---------+-------
        D:1 |      25 |       0 |   0.0 |      14 |       0 |   0.0
        D:2 |     149 |     258 |  63.4 |      37 |       4 |   9.8
        D:3 |     214 |       0 |   0.0 |      15 |       0 |   0.0
        D:4 |      42 |       0 |   0.0 |       2 |       0 |   0.0
            +---------+---------+-------+---------+---------+-------
